 Dungeon Crawl Stone Soup version 0.28.0-53-g5a82cb258f (webtiles) character file.

Game seed: 2332329355037844139

13 ILmort the Chopper (level 2, -3/27 HPs)
             Began as a Minotaur Berserker on Aug 2, 2022.
             Was a Follower of Trog.
             Slain by a gnoll
             ... wielding a +0 spear
              (8 damage)
             ... on level 1 of the Dungeon.
             The game lasted 00:01:53 (365 turns).

ILmort the Chopper (Minotaur Berserker)              Turns: 365, Time: 00:01:53

Health: -3/27      AC:  2    Str: 21    XL:     2   Next: 24%
Magic:  1/1        EV: 12    Int:  4    God:    Trog [*.....]
Gold:   9          SH:  0    Dex:  9    Spells: 1/1 levels left

rFire   . . .      SeeInvis .   a - +0 hand axe
rCold   . . .      Faith    .   (no shield)
rNeg    . . .      Spirit   .   b - +0 animal skin
rPois   .          Reflect  .   (helmet restricted)
rElec   .          Harm     .   (no cloak)
rCorr   .          Rampage  .   (no gloves)
Will    .....                   (no boots)
Stlth   +.........              (no amulet)
HPRegen 0.09/turn               (no ring)
MPRegen 0.07/turn               (no ring)

@: no status effects
A: horns 2, retaliatory headbutt
a: Renounce Religion, Berserk


You were on level 1 of the Dungeon.
You worshipped Trog.
Trog was aware of your devotion.
You visited 1 branch of the dungeon, and saw 1 of its levels.

You collected 9 gold pieces.

Inventory:

Hand Weapons
 a - a +0 hand axe (weapon)
Armour
 b - a +0 animal skin (worn)
Scrolls
 c - a scroll of magic mapping {unknown}
Potions
 d - 2 potions of curing {unknown}


   Skills:
 + Level 4.1 Fighting
 + Level 4.1 Axes
 - Level 2.4 Armour
 - Level 2.1 Dodging


You had one spell level left.
You didn't know any spells.
Your spell library was empty.

Dungeon Overview and Level Annotations

Branches:
Dungeon (1/15)

Altars:


Innate Abilities, Weirdness & Mutations

You have a pair of horns on your head.
You reflexively headbutt those who attack you in melee.


Message History

Trog accepts your kill.
You closely miss the hobgoblin. The hobgoblin closely misses you.
You hit the hobgoblin.
You kill the hobgoblin!
Trog accepts your kill.
A kobold comes into view. It is wielding a +0 short sword.
Things that are here:
a +0 club; a goblin corpse You closely miss the kobold.
Your headbutt misses the kobold.
The kobold hits you with a +0 short sword.
You hit the kobold.
You kill the kobold!
Trog accepts your kill.
Things that are here:
a +0 short sword; 2 stones A rat comes into view.
The rat bites you.
You closely miss the rat. The rat bites you.
You hit the rat but do no damage. The rat bites you.
You closely miss the rat. The rat closely misses you.
You barely miss the rat. You headbutt the rat.
You kill the rat!
Trog accepts your kill.
Found an inky potion.
A hobgoblin comes into view.
Found a scroll labelled XURPHAC MOZUWO.
The hobgoblin shouts!
You hear a shout!
You closely miss the hobgoblin.
A gnoll comes into view. It is wielding a +0 spear.
The hobgoblin closely misses you.
You barely miss the hobgoblin. The hobgoblin hits you.
The gnoll hits you from afar with a +0 spear.
You barely miss the hobgoblin. The hobgoblin hits you.
The gnoll hits you from afar with a +0 spear.
* * * LOW HITPOINT WARNING * * *
You hit the hobgoblin.
The hobgoblin is heavily wounded.
The hobgoblin closely misses you.
The gnoll hits you from afar with a +0 spear!
You die...

. . #######+## #
#........# ##
###........### ..
............# ##
#........#.#
#...........
##########......g#
.........)......@#
##.####)....###..#
#..........+...g#
######†....####...
#.....# #.#..
#.....# #.#?!#
#.....# #.# ##
#####.# #.. ## .#


You could see a gnoll and a hobgoblin.

Vanquished Creatures
  An endoplasm (D:1)
  A giant cockroach (D:1)
  2 hobgoblins (D:1)
  2 ball pythons (D:1)
  2 goblins (D:1)
  2 kobolds (D:1)
  4 rats (D:1)
14 creatures vanquished.

Notes
Turn   | Place    | Note
-------+----------+-------------------------------------------
     0 | D:1      | ILmort the Minotaur Berserker began the quest for the Orb.
     0 | D:1      | Reached XP level 1. HP: 19/19 MP: 0/0
   204 | D:1      | Reached XP level 2. HP: 27/27 MP: 1/1
   365 | D:1      | Slain by a gnoll

Illustrated notes

Levels and vault maps discovered:
D:1:      lemuel_arrival_river_ford, layout_basic,
          ebering_ecumenical_altar_ruins, minmay_octomino_c4

Skill      XL: |  1 |
---------------+----+-----
Fighting       | 4 |  4.1
Axes           | 4 |  4.1
Armour         | |  2.4
Dodging        | |  2.1

Action                   || total
-------------------------++-------
Melee: Hand axe          ||    31
       Headbutt          ||     5
Armor: Animal skin       ||     4
Dodge: Dodged            ||    20
